 Dungeon Crawl Stone Soup version 0.18.1-48-g4cf74bf (webtiles) character file.

517 netheresearcanist the Digger (level 7, -3/46 HPs)
             Began as a Vampire Earth Elementalist on Sept 5, 2016.
             Slain by a gnoll (6 damage)
             ... on level 3 of the Dungeon.
             The game lasted 00:17:32 (10054 turns).

netheresearcanist the Digger (VpEE)                Turns: 10054, Time: 00:17:33

Health: -3/46      AC:  4    Str:  7    XL:     7   Next: 0%
Magic:  10/10      EV: 12    Int: 19    God:
Gold:   105        SH:  0    Dex: 15    Spells: 3 memorised, 1 level left

rFire  . . .     SeeInvis +     (no weapon)
rCold  + + .     Gourm    .     a - +0 robe
rNeg   + + +     Faith    .     (no shield)
rPois  ∞         Spirit   .     g - +0 helmet
rElec  .         Dismiss  .     (no cloak)
rCorr  .         Reflect  .     (no gloves)
SustAt .         Harm     .     (no boots)
MR     .....                    f - amulet of rage
Stlth  +++.......               (no ring)
                                (no ring)

@: bloodless, non-regenerating, not resistant to hostile enchantments, fairly
stealthy
A: fangs 3, icy blue scales 1, see invisible, unbreathing
a: Bat Form, Evoke Berserk Rage


You were on level 3 of the Dungeon.
You were bloodless.

You visited 1 branch of the dungeon, and saw 4 of its levels.

You collected 105 gold pieces.

Inventory:

Armour
 a - a +0 robe (worn)
 g - a +0 helmet (worn)
Jewellery
 f - an amulet of rage (around neck)
 j - an uncursed ring of ice
Wands
 d - a wand of iceblast (6/15)
Scrolls
 e - a scroll of fog
 i - a scroll of enchant weapon
Books
 c - a book of Geomancy

   Spells                             Type                      Level
   a - Sandblast                      Earth                        1
   b - Passwall                       Transmutation/Earth          2
   c - Stone Arrow                    Conjuration/Earth            3
   d - Petrify                        Transmutation/Earth          4
   e - Lee's Rapid Deconstruction     Earth                        5


   Skills:
 - Level 2.1 Dodging
 - Level 3.1 Stealth
 - Level 2.0 Spellcasting
 * Level 3.3 Conjurations
   Level 1.1 Transmutations
 * Level 6.3 Earth Magic


You had one spell level left.
You knew the following spells:

 Your Spells              Type           Power        Failure   Level  Hunger
a - Sandblast             Erth           ####..       1%          1    #......
b - Stone Arrow           Conj/Erth      ###...       10%         3    ###....
c - Lee's Rapid Deconstr  Erth           ####......   38%         5    ######.


Dungeon Overview and Level Annotations

Branches:
Dungeon (4/15)
 Temple: D:4-7

Altars:
Dithmenos

Annotations:
D:2 Ijyb; Robin; Terence
D:4 Duvessa; pokedragonboy's ghost, weakling DsFi


Innate Abilities, Weirdness & Mutations

You do not heal naturally.
You are immune to poison.
You have razor-sharp teeth.
You have supernaturally acute eyesight.
You can survive without breathing.
You are partially covered in icy blue scales (AC +1).


Message History

The gnoll hits you.
* * * LOW HITPOINT WARNING * * *
You barely miss the gnoll.
The gnoll is moderately wounded.
The gnoll hits you with a whip.
* * * LOW HITPOINT WARNING * * *
The gnoll closely misses you.
You hit the gnoll but do no damage.
The gnoll is moderately wounded.
The gnoll hits you but does no damage.
You hit the gnoll but do no damage.
The gnoll is moderately wounded.
The gnoll barely misses you.
You barely miss the gnoll. The gnoll hits you with a whip.
* * * LOW HITPOINT WARNING * * *
You barely miss the gnoll. The orc priest barely misses you.
The gnoll completely misses you. The gnoll hits you with a whip.
* * * LOW HITPOINT WARNING * * *
The gnoll hits you.
You die...

#.#####.########.#
#.#...........##.# ######
#.#.###.......##.# .....#
###.#...#....#####.#
.....###...#...#..#.# #.######
......##.###...##.#.# #......#
......#.........#.#.# #......##
......######..###.#.#####........
####...........g@................
#..#....##.#...ggo#.#####........
#......>[..............##........
##.#######.##.._§##.##.##........
##.........##...§##.##.##########
...##...........§##.##..#
......######..#o###.###.##
#..#..# #.....#.###o###..# ###
...#..# #.##.........###.## #..


You could see an orc priest, 3 gnolls and an orc (wandering).

Vanquished Creatures
  A centaur (D:3)
  Blork the orc (D:4)
  A scorpion (D:3)
  A howler monkey (D:4)
  2 hounds (D:4)
  An orc priest (D:4)
  An orc wizard (D:3)
  4 adders (D:3)
  2 oozes
  An adder skeleton (D:4)
  3 worms
  4 dart slugs
  4 giant geckos
  14 orcs
  5 bats
  2 giant cockroaches (D:1)
  3 goblins
  13 hobgoblins
  A jackal (D:1)
  7 kobolds
  2 quokkas (D:3)
  4 ball pythons
  3 giant newts
  11 rats
91 creatures vanquished.

Notes
Turn   | Place    | Note
--------------------------------------------------------------
     0 | D:1      | netheresearcanist the Vampire Earth Elementalist began the quest for the Orb.
     0 | D:1      | Reached XP level 1. HP: 13/13 MP: 3/3
   603 | D:1      | Reached XP level 2. HP: 19/19 MP: 1/5
  1142 | D:1      | Reached skill level 4 in Earth Magic
  1242 | D:1      | Reached XP level 3. HP: 24/24 MP: 3/6
  1538 | D:1      | Learned a level 3 spell: Stone Arrow
  1793 | D:2      | Noticed Ijyb
  1814 | D:2      | Gained mutation: You are partially covered in icy blue scales (AC +1). [potion of beneficial mutation]
  2225 | D:2      | Noticed Terence
  2228 | D:2      | Noticed Robin
  2707 | D:3      | Found a shadowy altar of Dithmenos.
  3258 | D:3      | Reached XP level 4. HP: 30/30 MP: 3/7
  3269 | D:3      | Reached skill level 1 in Conjurations
  3611 | D:3      | Reached skill level 5 in Earth Magic
  3955 | D:4      | Reached XP level 5. HP: 35/35 MP: 5/8
  3973 | D:4      | Noticed Blork the orc
  3987 | D:4      | Killed Blork the orc
  3989 | D:4      | Noticed pokedragonboy's ghost (weakling DsFi)
  4251 | D:3      | Reached XP level 6. HP: 17/41 MP: 3/9
  4262 | D:3      | Learned a level 5 spell: Lee's Rapid Deconstruction
  7344 | D:4      | Reached skill level 6 in Earth Magic
  7587 | D:4      | Noticed Duvessa
  7949 | D:3      | Reached XP level 7. HP: 7/46 MP: 0/10
 10054 | D:3      | Slain by a gnoll

Skill      XL: |  1  2  3  4  5  6 |
---------------+-------------------+-----
Earth Magic    | 4 5 6 |  6.3
Conjurations   | 1 2 3 |  3.3
Dodging        | |  2.1
Stealth        | |  3.1
Spellcasting   | |  2.0
Transmutations | |  1.1

Action                   |  1- 3 |  4- 6 |  7- 9 || total
-------------------------+-------+-------+-------++-------
Melee: Unarmed           |    14 |     7 |     9 ||    30
       Bite              |     1 |       |     1 ||     2
Throw: Stone             |     1 |       |       ||     1
 Cast: Sandblast         |    82 |    84 |       ||   166
       Stone Arrow       |     2 |     6 |     8 ||    16
 Abil: End Transformatio |     1 |       |       ||     1
       Bat Form          |     1 |       |       ||     1
  Use: Scroll            |     5 |     1 |       ||     6
       Potion            |     4 |     2 |       ||     6
  Eat: Corpse            |     6 |     8 |     1 ||    15
Armor: Robe              |    22 |    15 |     2 ||    39
Dodge: Dodged            |    83 |    43 |     6 ||   132
